 Dungeon Crawl Stone Soup version 0.29-a0-563-g64e4043184 (webtiles) character file.

Game seed: 18273030390060842758

2276 kae the Slicer (level 9, 0/45 HPs)
             Began as a Kobold Enchanter on June 11, 2022.
             Was a Believer of Dithmenos.
             Killed from afar by an orc wizard (8 damage)
             ... with a magic dart
             ... on level 7 of the Dungeon.
             The game lasted 00:07:47 (8664 turns).

kae the Slicer (Kobold Enchanter)                   Turns: 8664, Time: 00:07:48

Health: 0/45       AC:  5    Str:  5    XL:     9   Next: 65%
Magic:  15/16      EV: 18    Int: 16    God:    Dithmenos [**....]
Gold:   470        SH:  0    Dex: 20    Spells: 10/18 levels left

rFire   . . .      SeeInvis .   a - +2 dagger
rCold   . . .      Faith    .   (no shield)
rNeg    + . .      Spirit   .   b - +0 robe
rPois   .          Reflect  .   (no helmet)
rElec   .          Harm     .   (no cloak)
rCorr   .          Rampage  .   x - +1 pair of gloves
Will    .....                   w - +0 pair of boots
Stlth   +++++++...              p - amulet of regeneration
HPRegen 0.95/turn               t - ring of positive energy
MPRegen 0.15/turn               (no ring)

@: wreathed by umbra
A: small, no large weapons, nightstalker 3
a: Renounce Religion, Shadow Step


You were on level 7 of the Dungeon.
You worshipped Dithmenos.
Dithmenos was pleased with you.
You visited 2 branches of the dungeon, and saw 8 of its levels.
You also visited: Ossuary.

You collected 470 gold pieces.

Inventory:

Hand Weapons
 a - a +2 dagger (weapon)
Missiles
 n - a throwing net (quivered)
Armour
 b - a +0 robe (worn)
 w - a +0 pair of boots (worn)
 x - a +1 pair of gloves (worn)
Jewellery
 k - a ring of ice
 p - an amulet of regeneration (around neck)
 q - an amulet of faith
 t - a ring of positive energy (left hand)
 y - a ring of flight
Wands
 o - a wand of flame (23)
Scrolls
 m - 5 scrolls of identify
 v - a scroll of magic mapping
 A - a scroll of fog
Potions
 c - a potion of invisibility
 d - 2 potions of attraction
 e - 2 potions of magic
 f - a potion of cancellation
 g - 6 potions of heal wounds {unknown}
 h - 2 potions of resistance {unknown}
 i - 2 potions of lignification {unknown}
 j - 3 potions of berserk rage {unknown}
 l - 3 potions of mutation {unknown}
 r - 2 potions of curing {unknown}
 s - 4 potions of might
 u - 5 potions of brilliance {unknown}
 z - 2 potions of ambrosia {unknown}


   Skills:
 * Level 8.8 Short Blades
 + Level 6.1 Dodging
 + Level 7.9 Stealth
 + Level 5.0 Spellcasting
 * Level 6.8 Hexes
 + Level 0.1 Invocations


You had 10 spell levels left.
You knew the following spells:

 Your Spells              Type           Power      Damage    Failure   Level
a - Ensorcelled Hibernat  Hex/Ice        28%        N/A       5%          2
b - Confusing Touch       Hex            25%        N/A       2%          3
c - Tukima's Dance        Hex            25%        N/A       2%          3

Your spell library contained the following spells:

 Spells                   Type           Power      Damage    Failure   Level
 Dazzling Flash           Conj/Hex       28%        N/A       11%         3
 Shock                    Conj/Air       16%        1d4       16%         1
 Passwall                 Tmut/Erth      3%         N/A       22%         2
 Sublimation of Blood     Necr           4%         N/A       22%         2
 Gell's Gravitas          Tloc           4%         N/A       41%         3
 Ozocubu's Armour         Ice            4%         N/A       41%         3
 Swiftness                Air            4%         N/A       41%         3
 Teleport Other           Tloc           4%         N/A       41%         3
 Metabolic Englaciation   Hex/Ice        7%         N/A       71%         5
 Airstrike                Air            2%         N/A       83%         4
 Petrify                  Tmut/Erth      4%         N/A       83%         4
 Irradiate                Conj/Tmut      2%         3d14      99%         5
 Dispersal                Tloc           2%         N/A       100%        6
 Simulacrum               Ice/Necr       2%         N/A       100%        6
 Chain Lightning          Conj/Air       2%         3d2       100%        9
 Fire Storm               Conj/Fire      2%         8d1       100%        9
 Shatter                  Erth           2%         3d6*      100%        9


Dungeon Overview and Level Annotations

Branches:
Dungeon (7/15)             Temple (1/1) D:5         Ossuary (visited)

Altars:
Ashenzari
Cheibriados
Dithmenos
Elyvilon
Fedhas
Gozag
Kikubaaqudgha
Makhleb
Nemelex Xobeh
Okawaru
Qazlal
Ru
Sif Muna
Trog
Vehumet
Wu Jian
Xom
Yredelemnul
Zin
The Shining One

Annotations:
D:6 1 runed translucent door, dezertu's ghost, novice FoHu
D:7 Prince Ribbit


Innate Abilities, Weirdness & Mutations

You are small and have problems with some larger weapons.
You are completely attuned to the shadows.


Message History

Things that are here:
a +0 club; an orc corpse An orc and an orc priest come into view.
The orc priest moves out of view.
An orc is nearby!
An orc is nearby!
An orc is nearby!
Casting: Ensorcelled Hibernation (safe; 5% risk of failure)
Confirm with . or Enter, or press ? or * to list all spells.
Aiming: Ensorcelled Hibernation (safe; 5% risk of failure)
Press: ? - help, Shift-Dir - straight line, f - orc
Aim: an orc, wielding a +0 flail (wandering, hasn't noticed you, chance to affect: 65%)
The orc shouts!
The orc resists with significant effort.
You hear a shout! x5
The orc hits you but does no damage.
You closely miss the orc. You hit the orc.
The orc is severely wounded.
The orc hits you with a +0 flail!
You hit the orc.
You kill the orc!
Dithmenos accepts your kill.
An orc warrior comes into view. It is wielding a +0 glaive.
An orc wizard and a bullfrog come into view.
The orc warrior shouts!
The bullfrog croaks.
An orc wizard comes into view. It is wielding a +0 dagger.
The orc warrior barely misses you.
The orc priest invokes the aid of Beogh against you.
Beogh smites you!
Items here: )) [[.
There are monsters nearby!
There are monsters nearby!
The orc warrior attacks as you move away!
The orc warrior hits you with a +0 glaive!
The orc warrior hits you from afar with a +0 glaive!!
* * * LOW HITPOINT WARNING * * *
The orc wizard casts a spell at you. The magic dart hits you!
You die...

... #####
.#...#####...###.
...#.#.#.#.#..#.....
...#.#.#.#.#.....#..
....o#o#.#.#.#..#.....
... #...#)..##......#.
..##...#)..##..<.....
#.#...#o.@#......... .
#.#.#o#.#)#........ ..
#.#.#o#.#.#........
...#o#.#F#.#.#.......
#F..#...#...#.....
#...#.>. ... #...#
.#.#. ..#.#.#


You could see an orc warrior and an orc wizard.

Vanquished Creatures
  Grinder (D:3)
  Sigmund (D:4)
  Menkaure (D:4)
  An ice beast (D:6)
  A sky beast (D:6)
  2 ogres (D:5)
  A phantom (D:6)
  Blork the orc (D:4)
  5 scorpions
  4 wights
  A howler monkey (D:4)
  A hound (D:4)
  2 jellies (D:6)
  3 orc priests
  Natasha (thrice) (D:3)
  4 orc wizards
  4 iguanas
  4 mummies (Ossuary)
  6 adders
  3 shadow imps
  2 ufetubi
  A worm (D:4)
  A dart slug (D:1)
  28 orcs
  8 ball pythons
  9 endoplasms
  2 giant cockroaches
  4 gnoll zombies (Ossuary)
  7 hobgoblins
  6 jackals
  8 kobolds
  6 quokkas
  6 bats
  2 frilled lizards
  8 gnoll skeletons (Ossuary)
  8 goblins
  4 goblin skeletons (Ossuary)
  4 goblin zombies (Ossuary)
  2 hobgoblin skeletons (Ossuary)
  3 hobgoblin zombies (Ossuary)
  A kobold skeleton (Ossuary)
  5 kobold zombies (Ossuary)
  4 orc skeletons (Ossuary)
  5 orc zombies (Ossuary)
  2 quokka zombies (D:6)
  5 rats
  6 rat skeletons (Ossuary)
  4 rat zombies (Ossuary)
200 creatures vanquished.

Notes
Turn   | Place    | Note
-------+----------+-------------------------------------------
     0 | D:1      | kae the Kobold Enchanter began the quest for the Orb.
     0 | D:1      | Reached XP level 1. HP: 10/10 MP: 3/3
   441 | D:1      | Reached XP level 2. HP: 15/15 MP: 5/5
   444 | D:1      | Learned a level 2 spell: Ensorcelled Hibernation
   527 | D:1      | Reached skill level 2 in Short Blades
  1004 | D:2      | Reached XP level 3. HP: 13/19 MP: 6/6
  1575 | D:2      | Reached XP level 4. HP: 24/24 MP: 7/7
  2292 | D:2      | Reached skill level 3 in Short Blades
  2436 | D:2      | Found a faded altar of an unknown god.
  2474 | D:3      | Learned a level 3 spell: Confusing Touch
  2478 | D:3      | Learned a level 3 spell: Tukima's Dance
  2558 | D:3      | Noticed Natasha
  2561 | D:3      | Killed Natasha
  2569 | D:3      | Reached XP level 5. HP: 28/28 MP: 8/8
  2632 | D:3      | Noticed Natasha
  2637 | D:3      | Killed Natasha
  2638 | D:3      | Reached skill level 5 in Stealth
  2820 | D:3      | Noticed Natasha
  2836 | D:3      | Killed Natasha
  3084 | D:3      | Noticed Grinder
  3091 | D:3      | Killed Grinder
  3092 | D:3      | Reached skill level 5 in Short Blades
  3092 | D:3      | Reached XP level 6. HP: 27/32 MP: 6/10
  3182 | D:3      | Reached XP level 7. HP: 36/36 MP: 8/11
  3324 | D:4      | Noticed Sigmund
  3976 | D:4      | Found a bloodstained altar of Trog.
  3994 | D:4      | Noticed Blork the orc
  3998 | D:4      | Killed Blork the orc
  4447 | D:4      | Killed Sigmund
  4448 | D:4      | Reached skill level 6 in Short Blades
  4448 | D:4      | Reached XP level 8. HP: 41/41 MP: 8/13
  4668 | D:4      | You fall into a shaft and drop 1 floor!
  4668 | D:5      | Entered Level 5 of the Dungeon
  4758 | D:5      | Reached skill level 5 in Hexes
  4886 | D:5      | Reached skill level 5 in Dodging
  5080 | D:5      | Reached skill level 7 in Short Blades
  5509 | D:5      | Found a staircase to the Ecumenical Temple.
  5906 | Temple   | Entered the Ecumenical Temple
  5997 | Temple   | Became a worshipper of Dithmenos the Shadowed
  6181 | D:6      | Found a sand-covered staircase.
  6187 | Ossuary  | Entered an ossuary
  6300 | Ossuary  | Reached XP level 9. HP: 45/45 MP: 15/15
  6576 | Ossuary  | Reached * piety under Dithmenos
  7077 | D:6      | Reached ** piety under Dithmenos
  7247 | D:6      | Reached skill level 8 in Short Blades
  7283 | D:6      | Found a runed translucent door.
  7311 | D:6      | Identified the +1 ring mail "Ocari" {Will++}
  7873 | D:6      | Noticed dezertu's ghost (novice FoHu)
  8241 | D:4      | Noticed Menkaure
  8246 | D:4      | Killed Menkaure
  8352 | D:4      | Found an ornate altar of the Wu Jian Council.
  8356 | D:4      | Found a shimmering altar of Xom.
  8358 | D:4      | Found a glowing golden altar of the Shining One.
  8359 | D:4      | Found a broken altar of Ashenzari.
  8364 | D:4      | Found a shimmering blue altar of Sif Muna.
  8571 | D:7      | Noticed Prince Ribbit
  8596 | D:7      | Reached skill level 5 in Spellcasting
  8664 | D:7      | Killed from afar by an orc wizard

Illustrated notes

Levels and vault maps discovered:
D:1:      lightli_iron_boxes, layout_loops_ring
D:2:      minmay_chambers_of_twos, layout_basic, nicolae_ecumenical_lake_church,
          minmay_misc_feat_pillars, skrybe_limestone_x
D:3:      layout_basic, minmay_misc_feat_chi, uniq_grinder, uniq_natasha
D:4:      layout_loops_corners, chequers_temple_overflow_minitemple,
          bloody_trog, eino_small_chamber_without_monster,
          kennysheep_small_circle, uniq_blork_the_orc, uniq_sigmund,
          uniq_menkaure
D:5:      layout_cave_pods, temple_pool_b, hangedman_decor_push,
          mrwooster_statue_mirror
D:6:      layout_rooms, enter_ossuary_4, ebering_ghost_reflecting_pool,
          corexii_checkpoint_b, st_stairs_10
D:7:      nicolae_BIG_FREAKIN_CUBE, layout_rooms, nzn_hepliaklqana_mist_gate,
          chequers_serial_rivers_micro_a, minmay_misc_feat_x,
          minmay_misc_feat_five, chequers_serial_rivers_micro_c,
          kennysheep_generic_room_11, uniq_prince_ribbit1, uniq_pikel
Temple:   zaba_magenta_temple

Skill      XL: |  1  2  3  4  5  6  7  8  9 |
---------------+----------------------------+-----
Short Blades   | 2 3 5 6 7 8 |  8.8
Dodging        | 3 4 5 6 |  6.1
Stealth        | 5 6 7 |  7.9
Spellcasting   | 3 4 5 |  5.0
Hexes          | 4 5 6 |  6.8
Invocations    | |  0.1

Action                   |  1- 3 |  4- 6 |  7- 9 || total
-------------------------+-------+-------+-------++-------
Melee: Dagger            |    73 |    65 |   528 ||   666
       Punch             |     1 |     1 |     7 ||     9
 Cast: Ensorcelled Hiber |     5 |    12 |    41 ||    58
       Confusing Touch   |       |     1 |    17 ||    18
  Use: Scroll            |       |     7 |     7 ||    14
       Potion            |       |       |     1 ||     1
 Stab: Sleeping          |    20 |    14 |    60 ||    94
       Confused          |       |     1 |     8 ||     9
       Distracted        |       |       |     1 ||     1
Armor: Robe              |     6 |     9 |    43 ||    58
Dodge: Dodged            |    45 |    58 |   278 ||   381

Table legend: (Time is in decaauts)
 A = Elapsed time spent in this place.
 B = Non-inter-level travel time spent in this place.
 C = Inter-level travel time spent in this place.
 D = Time resting spent in this place.
 E = Time spent auto-exploring this place.
 F = Levels seen in this place.
 G = Mean time per level.
                   A        B        C        D        E       F      G
               +--------+--------+--------+--------+--------+-----+--------+
         Total |   8453 |   7964 |    489 |   1315 |   5176 |   9 |  939.2 |
       Dungeon |   7746 |   7261 |    485 |   1193 |   4869 |   7 | 1106.6 |
        Temple |     95 |     92 |      3 |      0 |     78 |   1 |   95.0 |
       Ossuary |    611 |    611 |      0 |    122 |    229 |   1 |  611.0 |
               +--------+--------+--------+--------+--------+-----+--------+

Top non-repeatable levels by time:
     D:4: 1746 daAuts
     D:2: 1531 daAuts
     D:5: 1365 daAuts
     D:6: 1141 daAuts
     D:3: 930 daAuts
     D:1: 921 daAuts
 Ossuary: 611 daAuts
     D:7: 109 daAuts
  Temple: 95 daAuts
